 Dungeon Crawl Stone Soup version 0.30-a0-292-g0f741e3f8e (webtiles) character file.

Game seed: 14172215283744111916

480 chippings the Poker (level 7, -8/54 HPs)
             Began as a Merfolk Gladiator on Oct 17, 2022.
             Killed by divine providence
             ... invoked by an orc priest
              (13 damage)
             ... on level 3 of the Dungeon.
             The game lasted 00:05:30 (2412 turns).

chippings the Poker (Merfolk Gladiator)             Turns: 2412, Time: 00:05:31

Health: -8/54      AC:  9    Str: 15    XL:     7   Next: 12%
Magic:  7/7        EV:  7    Int:  7    God:
Gold:   95         SH:  0    Dex: 17    Spells: 6/6 levels left

rFire   + . .      SeeInvis .    a - +0 trident
rCold   . . .      Faith    .    (no shield)
rNeg    . . .      Spirit   .    k - +0 chain mail
rPois   .          Reflect  .    c - +0 helmet
rElec   .          Harm     .    (no cloak)
rCorr   .          Rampage  .    (no gloves)
Will    .....                    (no boots)
Stlth   ..........               h - amulet of the acrobat
HPRegen 0.29/turn                i - ring of protection from fire
MPRegen 0.10/turn                (no ring)

@: no status effects
A: (nimble swimmer 2), mertail
a: no special abilities


You were on level 3 of the Dungeon.
You visited 1 branch of the dungeon, and saw 3 of its levels.

You collected 95 gold pieces.

Inventory:

Hand Weapons
 a - a +0 trident (weapon)
 o - a +0 antimagic spear
Missiles
 d - 2 throwing nets (quivered)
 e - a javelin
 s - 7 poisoned darts
Armour
 c - a +0 helmet (worn)
 k - a +0 chain mail (worn)
Jewellery
 h - an amulet of the acrobat (around neck)
 i - a ring of protection from fire (left hand)
Wands
 t - a wand of roots (10)
Scrolls
 j - 3 scrolls of fog {unknown}
 l - 4 scrolls of identify {unknown}
 m - a scroll of magic mapping {unknown}
 p - 2 scrolls of teleportation {unknown}
 q - a scroll of fear {unknown}
 r - a scroll of amnesia {unknown}
Potions
 b - a potion of lignification {unknown}
 f - a potion of curing {unknown}
 n - a potion of brilliance {unknown}
 u - a potion of attraction {unknown}
 v - a potion of berserk rage {unknown}
 w - 2 potions of haste
 x - a potion of magic {unknown}
 z - a potion of degeneration {unknown}


   Skills:
 - Level 4.0 Fighting
 - Level 6.0 Polearms
 + Level 4.5 Throwing
 - Level 4.0 Dodging
 + Level 4.1 Stealth


You had 6 spell levels left.
You didn't know any spells.
Your spell library contained the following spells:

 Spells                   Type           Power      Damage    Failure   Level
 Stone Arrow              Conj/Erth      0%         3d7       100%        3
 Animate Armour           Summ/Erth      0%         N/A       100%        4
 Lehudib's Crystal Spear  Conj/Erth      0%         10d2      100%        8


Dungeon Overview and Level Annotations

Branches:
Dungeon (3/15)

Altars:
Vehumet


Innate Abilities, Weirdness & Mutations

((You are very nimble when in or above water. (Stealth+, EV+, Speed+++)))
Your lower body shifts to a powerful aquatic tail in water.


Message History

You throw an atropa-tipped dart.
The atropa-tipped dart barely misses the orc priest.
The orc priest hits you with a +0 club.
* * * LOW HITPOINT WARNING * * *
The orc completely misses you.
Throw: dart (atropa)
Press: ? - help, Q - select action, (/) - cycle Shift-Dir - straight line, f/p - orc priest
Aim: an orc priest, wielding a +0 club and wearing a +0 leather armour (64% to hit, chance to blind on hit: 89%)
You throw an atropa-tipped dart.
The atropa-tipped dart hits the orc priest!
The orc priest appears confused.
The orc barely misses you.
You barely miss the orc. The orc hits you but does no damage.
You barely miss the orc.
The orc priest seems less confused.
The orc closely misses you.
You puncture the orc!
You kill the orc!
You see here an atropa-tipped dart.
You see here an atropa-tipped dart.
You hit the orc priest but do no damage.
The orc priest barely misses you.
You catch the helpless orc priest completely off-guard!
You hit the orc priest. Your punch misses the orc priest.
The orc priest is moderately wounded.
The orc priest is no longer blind.
The orc priest invokes the aid of Beogh against you.
Beogh smites you!
* * * LOW HITPOINT WARNING * * *
Throw: 3 throwing nets
Press: ? - help, Q - select action, (/) - cycle Shift-Dir - straight line, f/p - orc priest
Aim: an orc priest, wielding a +0 club and wearing a +0 leather armour (moderately wounded, 64% to hit)
You throw a throwing net. The throwing net hits the orc priest.
The orc priest is caught in the net!
The orc priest is moderately wounded.
Unknown command.
You hit the orc priest.
The orc priest is heavily wounded.
The orc priest mumbles some strange prayers to Beogh against you.
Beogh smites you!
You die...

###########
#.........######
#.....))(.o....#######
##....(..)@...........#
#.......(#.####.#####.#.#
#...^..).#.####.# ##.#.#
#...............####....#
.....<...#..............
...##.#.######..####...
.. #.#.# #..# #.# . ..#.#
##..#####.# ##
#.#####...##....#####


You could see an orc priest (caught).

Vanquished Creatures
  Sigmund (D:2)
  2 orc priests (D:3)
  Ijyb (D:3)
  Jessica (D:2)
  2 orc wizards (D:3)
  Robin (D:2)
  3 gnolls (D:2)
  An adder (D:2)
  A worm (D:2)
  A dart slug (D:2)
  8 orcs (D:3)
  4 ball pythons
  3 bats
  11 endoplasms
  2 giant cockroaches
  17 goblins
  8 hobgoblins
  3 jackals (D:1)
  2 kobolds
  4 quokkas
  2 frilled lizards
  13 rats
91 creatures vanquished.

Vanquished Creatures (others)
  5 demonic plants (D:3)
  6 fungi (D:3)
  7 plants (D:3)
  2 withered plants (D:3)
20 creatures vanquished.

Grand Total: 111 creatures vanquished

Notes
Turn   | Place    | Note
-------+----------+-------------------------------------------
     0 | D:1      | chippings the Merfolk Gladiator began the quest for the
                  | Orb.
     0 | D:1      | Reached XP level 1. HP: 16/16 MP: 1/1
   130 | D:1      | Reached XP level 2. HP: 23/23 MP: 2/2
   454 | D:1      | Reached XP level 3. HP: 29/29 MP: 3/3
   782 | D:2      | Reached skill level 5 in Polearms
   808 | D:2      | Reached XP level 4. HP: 17/36 MP: 4/4
   895 | D:2      | Noticed Robin
   912 | D:2      | Killed Robin
  1150 | D:2      | Reached XP level 5. HP: 42/42 MP: 5/5
  1172 | D:2      | Noticed Sigmund
  1204 | D:2      | Killed Sigmund
  1205 | D:2      | Reached skill level 6 in Polearms
  1205 | D:2      | Reached XP level 6. HP: 23/48 MP: 2/6
  1549 | D:2      | Noticed Jessica
  1554 | D:2      | Killed Jessica
  1753 | D:3      | Noticed Ijyb
  1770 | D:3      | Killed Ijyb
  1891 | D:3      | Found a faded altar of an unknown god.
  2004 | D:3      | Found a radiant altar of Vehumet.
  2070 | D:3      | Reached XP level 7. HP: 12/54 MP: 7/7
  2412 | D:3      | Killed from afar by an orc priest

Illustrated notes

Levels and vault maps discovered:
D:1:      dpeg_arrival_ratfight, layout_loops_ring
D:2:      layout_loops_ring, serial_glass, glass_columns_b, glass_columns_b,
          nicolae_concentric_dashed_squares_wild, chequers_decorated_corner,
          uniq_sigmund, uniq_jessica, uniq_robin
D:3:      layout_loops_ring, mainiacjoe_overflow_surrounded_room,
          shapermc_ecumenical_altar_gd, uniq_ijyb

Skill      XL: |  1  2  3  4  5  6  7 |
---------------+----------------------+-----
Fighting       | 3 4 |  4.0
Polearms       | 5 6 |  6.0
Throwing       | 3 4 |  4.5
Stealth        | 2 3 4 |  4.1
Dodging        | |  4.0

Action                   |  1- 3 |  4- 6 |  7- 9 || total
-------------------------+-------+-------+-------++-------
Melee: Trident           |   100 |   181 |    19 ||   300
       Punch             |     1 |       |       ||     1
       Spear             |       |    25 |       ||    25
Throw: Dart              |     2 |     6 |     5 ||    13
       Throwing net      |       |       |     1 ||     1
 Stab: Invisible         |       |     2 |     1 ||     3
Armor: Leather armour    |     1 |       |       ||     1
       Chain mail        |    36 |    73 |     3 ||   112
Dodge: Dodged            |    34 |    45 |     6 ||    85

Table legend: (Time is in decaauts)
 A = Elapsed time spent in this place.
 B = Non-inter-level travel time spent in this place.
 C = Inter-level travel time spent in this place.
 D = Time resting spent in this place.
 E = Time spent auto-exploring this place.
 F = Levels seen in this place.
 G = Mean time per level.
                   A        B        C        D        E       F      G
               +--------+--------+--------+--------+--------+-----+--------+
         Total |   2410 |   2403 |      7 |      0 |   1548 |   3 |  803.3 |
       Dungeon |   2410 |   2403 |      7 |      0 |   1548 |   3 |  803.3 |
               +--------+--------+--------+--------+--------+-----+--------+

Top non-repeatable levels by time:
     D:2: 827 daAuts
     D:3: 804 daAuts
     D:1: 778 daAuts
